 Dungeon Crawl Stone Soup version 0.18-a0-1354-gbc5753f (console) character file.

3195 Liam the Thaumaturge (level 9, -6/45 HPs)
             Began as a Deep Elf Wizard on Feb 16, 2016.
             Was a Priest of Vehumet.
             Mangled by a three-headed hydra (11 damage)
             ... on level 8 of the Dungeon on Feb 19, 2016.
             The game lasted 00:20:45 (8598 turns).

Liam the Thaumaturge (Deep Elf Wizard)              Turns: 8598, Time: 00:20:46

Health: -6/45      AC:  3    Str:  4    XL:     9   Next: 64%
Magic:  7/25       EV: 12    Int: 27    God:    Vehumet [***...]
Gold:   450        SH:  0    Dex: 13    Spells: 5 memorised, 17 levels left

rFire  . . .     SeeInvis +     (no weapon)
rCold  . . .     Gourm    .     a - +0 robe
rNeg   . . .     Faith    .     (no shield)
rPois  .         Spirit   .     b - +0 hat
rElec  .         Dismiss  .     i - +0 cloak
rCorr  .         Reflect  .     (no gloves)
SustAt .         Harm     .     (no boots)
MR     .....                    (no amulet)
Stlth  ++........               (no ring)
                                x - ring of see invisible

@: repel missiles, not resistant to hostile enchantments, unstealthy
A: no striking features
a: Renounce Religion


You were on level 8 of the Dungeon.
You worshipped Vehumet.
Vehumet was most pleased with you.
You were hungry.

You visited 1 branch of the dungeon, and saw 8 of its levels.

You collected 450 gold pieces.

Inventory:

Armour
 a - a +0 robe (worn)
 b - a +0 hat (worn)
 i - a +0 cloak (worn)
Jewellery
 x - a ring of see invisible (left hand)
 A - an uncursed ring of poison resistance {unknown}
Wands
 p - a wand of flame (17/48)
 r - a wand of digging (12/24)
 B - a wand of disintegration (16/24)
Scrolls
 e - 2 scrolls of teleportation {unknown}
 f - a scroll of immolation {unknown}
 g - 13 scrolls of identify {unknown}
 j - 3 scrolls of remove curse {unknown}
 k - 2 scrolls of random uselessness {unknown}
 l - 2 scrolls of magic mapping {unknown}
 m - a scroll of noise {unknown}
 w - 3 scrolls of recharging {unknown}
 y - a scroll of brand weapon {unknown}
Potions
 n - a potion of lignification {unknown}
 o - 2 potions of ambrosia {unknown}
 q - 3 potions of heal wounds {unknown}
 s - a potion of flight {unknown}
 u - 2 potions of berserk rage {unknown}
 C - a potion of curing {unknown}
 D - a potion of might {unknown}
 E - a potion of cancellation {unknown}
Books
 c - a book of Minor Magic

   Spells                             Type                      Level
   a - Magic Dart                     Conjuration                  1
   b - Blink                          Translocation                2
   c - Call Imp                       Summoning                    2
   d - Repel Missiles                 Charms/Air                   2
   e - Slow                           Hexes                        2
   f - Conjure Flame                  Conjuration/Fire             3
   g - Mephitic Cloud                 Conjuration/Poison/Air       3
Comestibles
 d - 3 bread rations
 h - a slice of pizza
 t - 2 beef jerkies
 v - 3 meat rations
 z - 6 fruits


   Skills:
 - Level 2.4 Dodging
 - Level 2.4 Stealth
 + Level 10.2 Spellcasting
 + Level 8.2 Conjurations
 - Level 4.0 Charms
   Level 1.1 Summonings
 - Level 4.0 Translocations
 + Level 5.1 Fire Magic
 - Level 4.0 Air Magic
 - Level 4.0 Poison Magic


You had 17 spell levels left.
You knew the following spells:

 Your Spells              Type           Power        Failure   Level  Hunger
a - Magic Dart            Conj           ####         1%          1    None
b - Blink                 Tloc           N/A          1%          2    None
d - Mephitic Cloud        Conj/Pois/Air  #####...     1%          3    None
e - Conjure Flame         Conj/Fire      ######..     1%          3    None
m - Repel Missiles        Chrm/Air       #####.       1%          2    None


Dungeon Overview and Level Annotations

Branches:
Dungeon (8/15)             Temple (0/1) D:4
   Lair: D:8-11

Altars:
Ashenzari
Kikubaaqudgha
Nemelex Xobeh
Okawaru
Pakellas
Trog
Vehumet
Xom
Zin

Shops:
D:5 }   D:6 %   D:7 (


Message History

The three-headed hydra barely misses you.
The three-headed hydra bites you!
* * * LOW HITPOINT WARNING * * *
Casting: Magic Dart
Confirm with . or Enter, or press ? or * to list all spells.
You blink.
The three-headed hydra is engulfed in roaring flames.
Found a meat ration.
Casting: Blink
Confirm with . or Enter, or press ? or * to list all spells.
Aiming: Conjure Flame
Press: ? - help, Dir - move target cursor, p - three-headed hydra The fire roars!
Casting: Conjure Flame
Confirm with . or Enter, or press ? or * to list all spells.
You blink.
The three-headed hydra bites you!
* * * LOW HITPOINT WARNING * * *
The three-headed hydra closely misses you.
The three-headed hydra bites you!
You die...

.###...###......#
..#.... ###.##..#
....### #.# ##.#
....## #.# #.#
.....## #.# #.#
(......#####.# .#
(..#.. .......##
...# ...#.§### ...##
#..###D@# ....###
#..# ##.# #
......####.. #..#.#
...........# ##.#..#
).###......###...###
....####...##....#
......###.§.§....#
.......§§§.#.....#
.........####.....#


You could see a three-headed hydra.

Vanquished Creatures
  The ghost of eljoo the Sneak, an amateur FoEE (D:3)
  2 yaks (D:8)
  A sky beast (D:6)
  3 ice beasts
  2 ogres (D:6)
  A phantom (D:5)
  2 centaurs
  3 big kobolds
  Blork the orc (D:5)
  3 giant frogs
  3 scorpions
  3 wights (D:6)
  2 giant frog zombies
  2 crimson imps
  4 hounds (D:6)
  3 quasits
  3 orc priests
  A gnoll shaman (D:6)
  4 orc wizards
  2 centaur skeletons
  2 iguanas (D:7)
  7 worker ants
  2 sheep (D:8)
  A hound zombie (D:7)
  A hound skeleton (D:4)
  7 adders
  9 gnolls
  A shadow imp (D:5)
  2 adder skeletons
  A worm (D:2)
  4 giant geckos
  9 orcs
  7 giant cockroaches
  6 goblins
  7 hobgoblins
  12 jackals
  4 quokkas
  3 ball pythons (D:4)
  A ball python zombie (D:5)
  6 bats
  6 giant newts
  9 kobolds
  A quokka skeleton (D:5)
  5 rats
159 creatures vanquished.

Notes
Turn   | Place    | Note
--------------------------------------------------------------
     0 | D:1      | Liam the Deep Elf Wizard began the quest for the Orb.
     0 | D:1      | Reached XP level 1. HP: 10/10 MP: 7/7
   241 | D:1      | Reached XP level 2. HP: 15/15 MP: 5/9
  1069 | D:2      | Reached skill level 5 in Spellcasting
  1074 | D:2      | Found a radiant altar of Vehumet.
  1081 | D:2      | Found an ancient bone altar of Kikubaaqudgha.
  1081 | D:2      | Found an iron altar of Okawaru.
  1084 | D:2      | Found a shattered altar of Ashenzari.
  1106 | D:2      | Reached XP level 3. HP: 19/19 MP: 4/11
  1855 | D:2      | Became a worshipper of Vehumet
  1897 | D:3      | Noticed eljoo's ghost (amateur FoEE)
  1919 | D:2      | Learned a level 2 spell: Blink
  1922 | D:2      | Learned a level 2 spell: Repel Missiles
  1926 | D:2      | Learned a level 3 spell: Conjure Flame
  1930 | D:2      | Learned a level 3 spell: Mephitic Cloud
  2057 | D:3      | Upgraded the game from 0.18-a0-1343-g48c8f86 to 0.18-a0-1350-g404b4cb
  2072 | D:3      | Killed eljoo's ghost
  2072 | D:3      | Reached skill level 6 in Spellcasting
  2072 | D:3      | Reached XP level 4. HP: 24/24 MP: 0/14
  2072 | D:3      | Reached XP level 5. HP: 28/28 MP: 0/16
  2374 | D:3      | Reached skill level 7 in Spellcasting
  2374 | D:3      | Reached XP level 6. HP: 32/32 MP: 7/18
  2388 | D:3      | Reached skill level 5 in Conjurations
  2768 | D:4      | Noticed an ice beast
  2975 | D:4      | Found an oddly glowing altar of Pakellas.
  3091 | D:4      | Killed an ice beast
  3091 | D:4      | Reached * piety under Vehumet
  3091 | D:4      | Offered knowledge of Shock by Vehumet.
  3091 | D:4      | Reached skill level 8 in Spellcasting
  3091 | D:4      | Reached XP level 7. HP: 36/36 MP: 0/20
  3224 | D:4      | Found a staircase to the Ecumenical Temple.
  3709 | D:5      | Entered Level 5 of the Dungeon
  3874 | D:5      | Found a bloodstained altar of Trog.
  3987 | D:5      | Found Moskuisch's Gadget Shop.
  4090 | D:5      | Reached skill level 1 in Charms
  4090 | D:5      | Reached skill level 1 in Fire Magic
  4090 | D:5      | Reached skill level 1 in Air Magic
  4401 | D:5      | Upgraded the game from 0.18-a0-1350-g404b4cb to 0.18-a0-1354-gbc5753f
  4426 | D:5      | Noticed Blork the orc
  4440 | D:5      | Killed Blork the orc
  4440 | D:5      | Reached skill level 1 in Poison Magic
  4615 | D:5      | Found an iron altar of Okawaru.
  4682 | D:5      | Reached XP level 8. HP: 41/41 MP: 11/22
  4711 | D:5      | Reached ** piety under Vehumet
  5179 | D:6      | Offered knowledge of Searing Ray by Vehumet.
  5529 | D:6      | Reached skill level 9 in Spellcasting
  5707 | D:6      | Found Durob's Food Shoppe.
  6427 | D:6      | Reached XP level 9. HP: 45/45 MP: 20/24
  7253 | D:7      | Found a sparkling altar of Nemelex Xobeh.
  7445 | D:7      | Offered knowledge of Inner Flame by Vehumet.
  7589 | D:7      | Found Quzehaar's Weapon Boutique.
  8273 | D:8      | Found a glowing silver altar of Zin.
  8289 | D:8      | Found a bloodstained altar of Trog.
  8400 | D:8      | Found a shimmering altar of Xom.
  8400 | D:8      | Found a shimmering altar of Xom.
  8457 | D:8      | Reached skill level 10 in Spellcasting
  8460 | D:8      | Reached *** piety under Vehumet
  8460 | D:8      | Reached skill level 5 in Fire Magic
  8562 | D:8      | Noticed a three-headed hydra
  8598 | D:8      | Mangled by a three-headed hydra

Vault maps used:
D:1:      minmay_arrival_shoal_huts
D:2:      grunt_temple_overflow_open
D:3:      minmay_misc_feat_x, hangedman_decor_diamond_cutter,
          serial_park_tiny_pond
D:4:      grunt_pakellas_basics, minmay_temple_entry_poolview
D:5:      lightli_temple_of_fire, first_bread, serial_shops,
          nicolae_shop_waterfront, okawaru_ov_weapons_minmay, uniq_blork_the_orc
D:6:      serial_shops, shop
D:7:      nicolae_overflow_crystal_walls, serial_shops, nicolae_shop_trees
D:8:      xom_redecorated, zin_treasury, kennysheep_mini, basic_altar,
          serial_shops, shop, hangedman_ranch, corexii_leaking_fountain,
          bloody_trog

Action                   |  1- 3 |  4- 6 |  7- 9 || total
-------------------------+-------+-------+-------++-------
Melee: Unarmed           |     4 |     5 |       ||     9
 Cast: Magic Dart        |   123 |    78 |   458 ||   659
       Conjure Flame     |     1 |     1 |    15 ||    17
       Mephitic Cloud    |       |     2 |     7 ||     9
       Blink             |       |       |     7 ||     7
       Repel Missiles    |       |       |     1 ||     1
 Stab: Confused          |       |     1 |       ||     1
  Eat: Chunk             |     3 |     3 |    16 ||    22
